 Dungeon Crawl Stone Soup version 0.25-a0-577-ga4619f409e (webtiles) character file.

Game seed: 10577516688901673434, levelgen mode: deterministic

2367 kae the Covert (level 9, -24/57 HPs)
             Began as a Vampire Enchanter on Mar 2, 2020.
             Was a Follower of Dithmenos.
             Blown up by Pikel (33 damage)
             ... with a disintegration bolt
             ... on level 7 of the Dungeon.
             The game lasted 00:05:53 (5307 turns).

kae the Covert (Vampire Enchanter)                  Turns: 5307, Time: 00:05:54

Health: -24/57     AC:  4    Str: 10    XL:     9   Next: 21%
Magic:  3/17       EV: 12    Int: 21    God:    Dithmenos [*.....]
Gold:   243        SH:  3    Dex: 20    Spells: 9/18 levels left

rFire    . . .     SeeInvis +   j - +4 short sword (vamp)
rCold    . . .     Gourm    .   (no shield)
rNeg     . . .     Faith    .   l - +0 leather armour of Omitexa {Int+4} (curse)
rPois    .         Spirit   .   (no helmet)
rElec    .         Reflect  +   (no cloak)
rCorr    .         Harm     .   (no gloves)
MR       .....                  y - +0 pair of boots
Stlth    +++++.....             k - +3 amulet of reflection
HPRegen  0.39/turn              E - +5 ring of dexterity
MPRegen  0.15/turn              (no ring)

@: very slightly contaminated, regenerating quickly, wreathed by umbra
A: no food, fangs 3, see invisible, unbreathing
a: Exsanguinate, Renounce Religion


You were on level 7 of the Dungeon.
You worshipped Dithmenos.
Dithmenos was aware of your devotion.
You were alive.

You visited 1 branch of the dungeon, and saw 7 of its levels.

You collected 243 gold pieces.

Inventory:

Hand Weapons
 a - a +2 dagger
 j - a +4 vampiric short sword (weapon)
Armour
 b - a +1 robe
 l - the cursed +0 leather armour of Omitexa (worn) {Int+4}
   (You found it on level 4 of the Dungeon)

   It affects your intelligence (+4).
   If you remove this armour, your AC will decrease by 3 (4 -> 1).
   It has a curse placed upon it.
 y - a +0 pair of boots (worn)
Jewellery
 k - a +3 amulet of reflection (around neck)
 E - a +5 ring of dexterity (left hand)
Wands
 h - a wand of acid (8)
 q - a wand of clouds (6)
 t - a wand of paralysis (7)
 u - a wand of random effects (14)
 B - a wand of flame (13)
Scrolls
 d - 3 scrolls of teleportation
 e - 2 scrolls of enchant weapon
 o - 4 scrolls of remove curse
 r - a scroll of immolation
 w - 2 scrolls of enchant armour
 x - 3 scrolls of fog
 A - a scroll of amnesia
Potions
 c - a potion of cancellation
 f - a potion of flight
 g - a potion of degeneration
 i - 3 potions of lignification {unknown}
 m - 3 potions of curing
 n - a potion of invisibility
 p - 2 potions of magic {unknown}
 s - a potion of brilliance {unknown}
 v - a potion of heal wounds {unknown}
 z - a potion of stabbing {unknown}
 D - a potion of might {unknown}


   Skills:
 * Level 8.6 Short Blades
 - Level 2.1 Dodging
 + Level 9.8 Stealth
 + Level 5.3 Spellcasting
 + Level 9.0 Hexes


You had 9 spell levels left.
You knew the following spells:

 Your Spells              Type           Power        Failure   Level  Hunger
a - Corona                Hex            #####..      1%          1    N/A
b - Ensorcelled Hibernat  Hex/Ice        ###...       3%          2    N/A
c - Confusing Touch       Hex            #####...     1%          3    N/A
d - Tukima's Dance        Hex            #####...     1%          3    N/A

Your spell library contained the following spells:

 Spells                   Type           Power        Failure   Level  Hunger
 Dazzling Flash           Conj/Hex       ###...       7%          3    N/A

Dungeon Overview and Level Annotations

Branches:
Dungeon (7/15)
 Temple: D:4-7

Altars:
Dithmenos
Elyvilon
Fedhas

Annotations:
D:7 Pikel


Innate Abilities, Weirdness & Mutations

You do not eat.
Your natural rate of healing is unusually fast.
You have razor-sharp teeth.
You have supernaturally acute eyesight. (SInv)
You can survive without breathing.


Message History

Pikel hits you with a +0 whip of flaming.
Pikel burns you.
You miss Pikel.
Pikel is heavily wounded.
Pikel zaps a wand.
You resist with significant effort.
You hit Pikel.
You feel better.
Pikel is severely wounded.
You hit Pikel but do no damage.
Pikel is severely wounded.
Pikel zaps a wand.
You are blasted!
* * * LOW HITPOINT WARNING * * *
You hit Pikel but do no damage.
Pikel is severely wounded.
The worker ant waves its antennae.
Pikel zaps a wand.
You resist with significant effort.
You barely miss Pikel.
Pikel is severely wounded.
It was a potion of curing.
You feel better.
Pikel zaps a wand.
You are blasted!
Ouch! That really hurt!
You die...

#.# ...# #.# ###...### #.#
####### #.......#
#.####.....### #..:..?.#
#.##...≈†≈...####.......##
.>...≈≈≈≈≈≈≈....pp........
##..≈≈≈≈≈≈≈≈≈..#pa........
...≈≈≈≈≈≈≈≈≈≈≈.#K####.....
...≈≈≈≈..P≈≈≈≈..@# ....
..≈≈≈≈..P.P≈≈≈≈..# ...
..≈≈≈≈>P_.<≈≈≈≈..# ..
..≈≈≈≈.P♣P♣≈≈≈≈.)# .
...≈≈≈≈♣..≈≈≈≈..##
...≈≈≈≈≈≈≈≈≈≈≈.#
#...≈≈≈≈≈≈≈≈≈..
#....≈≈≈≈≈≈≈.$# ##.....≈≈


You could see Pikel, 3 slaves and a worker ant.

Vanquished Creatures
  Harold (D:7)
  Prince Ribbit (D:7)
  A slave (D:7)
  A phantom (D:4)
  2 orc warriors (D:6)
  2 ogres
  A big kobold (D:3)
  Blork the orc (D:4)
  A scorpion (D:5)
  A crimson imp (D:7)
  2 jellies
  A hound (D:6)
  4 orc priests
  5 orc wizards
  A centaur skeleton (D:5)
  2 iguanas
  3 worker ants
  A worker ant zombie (D:5)
  9 gnolls
  10 adders
  A shadow imp (D:4)
  An ooze (D:5)
  A worm (D:3)
  2 dart slugs
  3 leopard geckos
  13 orcs
  4 giant cockroaches
  7 goblins
  5 hobgoblins
  15 jackals
  A quokka (D:4)
  7 bats
  5 frilled lizards
  2 jackal skeletons
  5 kobolds
  3 quokka skeletons
  5 rats
130 creatures vanquished.

Notes
Turn   | Place    | Note
-------+----------+-------------------------------------------
     0 | D:1      | kae the Vampire Enchanter began the quest for the Orb.
     0 | D:1      | Reached XP level 1. HP: 13/13 MP: 3/3
    21 | D:1      | Reached XP level 2. HP: 19/19 MP: 5/5
    25 | D:1      | Learned a level 2 spell: Ensorcelled Hibernation
   551 | D:2      | Found a white marble altar of Elyvilon.
   611 | D:2      | Reached XP level 3. HP: 10/24 MP: 1/6
   665 | D:2      | Reached skill level 5 in Stealth
   665 | D:2      | Reached skill level 5 in Hexes
   867 | D:2      | Reached XP level 4. HP: 30/30 MP: 2/7
  1527 | D:3      | Noticed a big kobold
  1546 | D:3      | Killed a big kobold
  1546 | D:3      | Reached XP level 5. HP: 28/35 MP: 4/9
  2052 | D:3      | Found a faded altar of an unknown god.
  2327 | D:4      | Noticed a phantom
  2333 | D:4      | Noticed Blork the orc
  2508 | D:4      | Reached XP level 6. HP: 41/41 MP: 7/10
  2527 | D:4      | Got a faintly glowing leather armour
  2538 | D:4      | Identified the cursed +0 leather armour of Omitexa {Int+4}
                  | (You found it on level 4 of the Dungeon)
  2574 | D:4      | Learned a level 3 spell: Confusing Touch
  2578 | D:4      | Learned a level 3 spell: Tukima's Dance
  2950 | D:4      | Killed Blork the orc
  2950 | D:4      | Reached skill level 5 in Short Blades
  2962 | D:4      | Found a shadowy altar of Dithmenos.
  2969 | D:4      | Became a worshipper of Dithmenos the Shadowed
  3062 | D:4      | Reached XP level 7. HP: 43/46 MP: 9/12
  3261 | D:4      | Found a shadowy altar of Dithmenos.
  3495 | D:5      | Entered Level 5 of the Dungeon
  4297 | D:6      | Reached * piety under Dithmenos
  4297 | D:6      | Reached XP level 8. HP: 51/52 MP: 14/14
  4910 | D:7      | Noticed Harold
  4930 | D:7      | Killed Harold
  4930 | D:7      | Reached skill level 5 in Spellcasting
  4930 | D:7      | Reached XP level 9. HP: 32/57 MP: 10/16
  5108 | D:7      | Noticed Prince Ribbit
  5109 | D:7      | Found a blossoming altar of Fedhas.
  5264 | D:7      | Killed Prince Ribbit
  5272 | D:7      | Noticed Pikel
  5304 | D:7      | HP: 2/57 [disintegration (28)]
  5307 | D:7      | Blown up by Pikel

Levels and vault maps discovered:
D:1:      co_arrival_square_in_a_square_in_a_square, layout_rooms,
          hangedman_decor_clover_reticule
D:2:      layout_basic, elyvilon_altar_5
D:3:      layout_loops_cross, chequers_ecumenical_altar_island
D:4:      layout_cave_pools, first_ration, grunt_dithmenos_shadows,
          uniq_blork_the_orc
D:5:      layout_rooms, kennysheep_crisscross
D:6:      layout_basic
D:7:      layout_basic, minmay_temple_entry_poolview, fedhas_ov_isle_minmay,
          uniq_prince_ribbit1, uniq_harold, uniq_pikel

Skill      XL: |  1  2  3  4  5  6  7  8  9 |
---------------+----------------------------+-----
Short Blades   | 2 3 4 5 6 8 |  8.6
Stealth        | 5 6 7 9 |  9.8
Hexes          | 5 6 7 8 9 |  9.0
Spellcasting   | 3 4 5 |  5.3
Dodging        | |  2.1

Action                   |  1- 3 |  4- 6 |  7- 9 || total
-------------------------+-------+-------+-------++-------
Melee: Dagger            |    57 |    18 |       ||    75
       Bite              |     6 |    12 |    11 ||    29
       Short sword       |       |   137 |   156 ||   293
 Cast: Ensorcelled Hiber |    10 |    16 |    39 ||    65
       Corona            |     1 |     1 |       ||     2
       Confusing Touch   |       |     1 |     1 ||     2
  Use: Scroll            |     4 |     7 |     5 ||    16
       Potion            |       |       |     1 ||     1
 Stab: Sleeping          |    13 |    21 |    31 ||    65
       Distracted        |       |     2 |     1 ||     3
       Confused          |       |     2 |     1 ||     3
Armor: Robe              |     9 |    25 |       ||    34
       Leather armour    |       |     1 |    16 ||    17
Dodge: Dodged            |    34 |   119 |    51 ||   204
Block: Other             |       |     3 |    17 ||    20

Table legend:
 A = Non-vault XP
 B = Vault XP
 C = Vault XP percentage of total XP
 D = Non-vault monster count
 E = Vault monster count
 F = Vault count percentage of total count
                 A         B        C        D         E       F
            +---------+---------+-------+---------+---------+-------
      Total |    2000 |    1382 |  40.9 |     125 |       4 |   3.1
            +---------+---------+-------+---------+---------+-------
        D:1 |      31 |       0 |   0.0 |      10 |       0 |   0.0
        D:2 |     140 |       0 |   0.0 |      30 |       0 |   0.0
        D:3 |     184 |       0 |   0.0 |      23 |       0 |   0.0
        D:4 |     365 |     111 |  23.3 |      14 |       2 |  12.5
        D:5 |     504 |       0 |   0.0 |      23 |       0 |   0.0
        D:6 |     626 |       0 |   0.0 |      19 |       0 |   0.0
        D:7 |     150 |    1271 |  89.4 |       6 |       2 |  25.0
            +---------+---------+-------+---------+---------+-------
